AoeStats
← WGBS Nabilraz

Lombardia

509561808Analyzed
2v2 RM · 6d ago on Sep 27, 2026· 42m 58s· 4 players
Game mode
Random Map
Map size
Medium (4 player)
Population
200
Speed
Normal
Resources
Standard
Victory
Conquest
Starting age
Dark Age
Ending age
Imperial Age
RankedLock teamsTeams togetherTeam positionsShared explorationLock speedFull tech treeHidden civsTurbo modeCheats
Victory
Defeat
🇲🇽 Maya · Mexico
1141
+15
🇲🇽 Malians · Mexico
1137
+15
🇳🇿 Franks · New Zealand
1119
-15
🇳🇿 Goths · New Zealand
1119
-15
idk
0:45 Loom
9:15 Feudal Age
16:42 Castle Age
15:49 Double-Bit Axe
15:57 Horse Collar
17:33 Bow Saw
21:35 Gold Mining
25:10 Scale Mail Armor
25:37 Squires
26:13 Forging
27:41 Chain Mail Armor
28:57 Iron Casting
29:07 Fletching
29:47 Stone Mining
30:28 Bodkin Arrow
33:58 Imperial Age
32:40 Wheelbarrow
32:50 Anarchy
34:11 Hand Cart
36:12 Blast Furnace
36:07 Coinage
36:34 Ballistics
37:55 Bracer
38:19 Conscription
38:41 Elite Huskarl
39:25 Perfusion
39:15 Onager
WGBS Nabilraz
10:06 Feudal Age
10:23 Loom
14:39 Wheelbarrow
16:04 Double-Bit Axe
20:57 Castle Age
19:46 Scale Mail Armor
19:53 Scale Barding Armor
20:48 Forging
21:57 Husbandry
22:20 Chain Barding Armor
23:15 Hand Cart
23:40 Bow Saw
24:51 Stone Mining
28:22 Gold Mining
29:12 Iron Casting
42:10 Imperial Age
45:43 Imperial Age
iSlayerXtrem
5:59 Loom
9:31 Feudal Age
14:02 Double-Bit Axe
14:02 Horse Collar
17:28 Forging
17:18 Scale Mail Armor
19:58 Castle Age
19:53 Wheelbarrow
20:26 Town Watch
22:19 Bow Saw
22:13 Heavy Plow
22:51 Iron Casting
24:13 Chain Mail Armor
26:05 Pikeman
26:08 Eagle Warrior
26:53 Squires
30:27 Arson
34:36 Hand Cart
34:21 Town Patrol
40:49 Imperial Age
41:02 Elite Plumed Archer
42:23 Holcans
43:07 Blast Furnace
42:37 Plate Mail Armor
42:46 Conscription
42:46 Elite Eagle Warrior
Jorge el glorioso maton
3:04 Loom
9:43 Feudal Age
16:55 Castle Age
18:30 Horse Collar
23:55 Double-Bit Axe
24:52 Scale Mail Armor
27:23 Pikeman
28:07 Squires
30:13 Wheelbarrow
32:51 Imperial Age
31:02 Scale Barding Armor
31:42 Bow Saw
31:39 Gold Mining
32:07 Forging
32:38 Husbandry
32:49 Bloodlines
33:51 Hand Cart
34:27 Chain Barding Armor
34:43 Iron Casting
37:09 Gold Shaft Mining
37:02 Farimba
37:13 Heavy Camel Rider
38:51 Plate Barding Armor
39:31 Heavy Plow
Connection lost

Rejoining the realm…

Still unreachable

The connection could not be restored.

Session expired

The server has moved on; the page needs a fresh start.